 Dungeon Crawl Stone Soup version 0.20.0-15-g7f486f2 (webtiles) character file.

34 esteth the Digger (level 3, 0/19 HPs)
             Began as a Gargoyle Earth Elementalist on June 16, 2017.
             Slain by a kobold
             ... wielding a +0 short sword
              (4 damage)
             ... on level 1 of the Dungeon.
             The game lasted 00:02:52 (1931 turns).

esteth the Digger (Gargoyle Earth Elementalist)     Turns: 1931, Time: 00:02:52

Health: 0/19       AC:  4    Str: 11    XL:     3   Next: 31%
Magic:  0/6        EV: 12    Int: 16    God:
Gold:   10         SH:  0    Dex: 10    Spells: 5/6 levels left

rFire    . . .     SeeInvis .   (no weapon)
rCold    . . .     Gourm    .   (no shield)
rNeg     + . .     Faith    .   c - +0 robe
rPois    ∞         Spirit   .   (no helmet)
rElec    +         Reflect  .   (no cloak)
rCorr    .         Harm     .   (no gloves)
MR       .....                  (no boots)
Stlth    ++........             (no amulet)
Regen    0.1/turn               (no ring)
MPRegen  0.1/turn               (no ring)

@: very slightly contaminated
A: big wings, blink, deformed body, mutation resistance 1, negative energy
resistance 1, electricity resistance, unbreathing, petrification resistance, rot
immunity, AC +3
a: Fly, Blink


You were on level 1 of the Dungeon.
You were not hungry.

You visited 1 branch of the dungeon, and saw 1 of its levels.

You collected 10 gold pieces.

Inventory:

Missiles
 b - 31 stones (quivered)
Armour
 c - a +0 robe (worn)
Scrolls
 a - a scroll of amnesia {unknown}
 f - a scroll of magic mapping {unknown}
 g - a scroll of noise {unknown}
Books
 e - a book of Geomancy

   Spells                             Type                      Level
   a - Sandblast                      Earth                        1
   b - Passwall                       Transmutation/Earth          2
   c - Stone Arrow                    Conjuration/Earth            3
   d - Petrify                        Transmutation/Earth          4
   e - Lee's Rapid Deconstruction     Earth                        5
Comestibles
 d - 2 bread rations


   Skills:
 - Level 1.5 Dodging
 - Level 2.1 Stealth
 - Level 2.0 Spellcasting
   Level 0.7 Transmutations
 + Level 5.2 Earth Magic


You had 5 spell levels left.
You knew the following spells:

 Your Spells              Type           Power        Failure   Level  Hunger
a - Sandblast             Erth           ###...       2%          1    #......


Dungeon Overview and Level Annotations

Branches:
Dungeon (1/15)

Altars:


Innate Abilities, Weirdness & Mutations

You are resistant to torment.
Your stone body is resilient. (AC +3)
You are immune to poison.
You resist negative energy. (rN+)
You are resistant to electric shocks. (rElec)
You can survive without breathing.
You are immune to petrification.
You are immune to rotting.
Your large and strong wings let you fly indefinitely.
You can translocate small distances at will.
Armour fits poorly on your strangely shaped body.
You are somewhat resistant to further mutation.


Message History

Unknown command.
You see here a club.
Things that are here:
a whip; a chain mail; a kobold skeleton
Casting: Sandblast
Confirm with . or Enter, or press ? or * to list all spells.
Aiming: Sandblast
Press: ? - help, Shift-Dir - straight line, f/p - kobold
Aim: a kobold, wielding a short sword and wearing a ring mail The blast of sand hits the kobold.
b - 31 stones The kobold hits you but does no damage.
It was a potion of mutation.
You feel extremely strange.
You feel jittery.
Your body twists and deforms.
Your wings grow larger and stronger.
You feel genetically stable. The kobold misses you.
You closely miss the kobold. The kobold hits you with a short sword.
* * * LOW HITPOINT WARNING * * *
You barely miss the kobold. The kobold hits you with a short sword.
You die...

################
#...........#...
#.#########.#.##
#.#.......#.#.##
####.#.#####.#.#.##
..#.#.#####.#.#.#
#.#.#.#.....#.#.#
#.#.#.#.#####.#.#
#####@#.#.#.........##
#...#K#.#.#.....#.###.
#####...#.#.#.##.#.##.###.
.................)........
#######...#.#.####.####.###.
...................#........
########.†.#####.####.##.....
.......(............#.##.....
........#.#######.#.#.##.....


You could see a kobold.

Vanquished Creatures
  2 oozes (D:1)
  2 dart slugs (D:1)
  2 hobgoblins (D:1)
  2 jackals (D:1)
  2 kobolds (D:1)
  3 frilled lizards (D:1)
  6 goblins (D:1)
  2 rats (D:1)
21 creatures vanquished.

Notes
Turn   | Place    | Note
-------+----------+-------------------------------------------
     0 | D:1      | esteth the Gargoyle Earth Elementalist began the quest for the Orb.
     0 | D:1      | Reached XP level 1. HP: 10/10 MP: 3/3
   226 | D:1      | Reached skill level 4 in Earth Magic
   432 | D:1      | Reached XP level 2. HP: 7/15 MP: 1/5
  1478 | D:1      | Reached XP level 3. HP: 9/19 MP: 3/6
  1488 | D:1      | Reached skill level 5 in Earth Magic
  1929 | D:1      | Gained mutation: You can translocate small distances at will. [potion of mutation]
  1929 | D:1      | Gained mutation: Armour fits poorly on your strangely shaped body. [potion of mutation]
  1929 | D:1      | Gained mutation: Your large and strong wings let you fly indefinitely. [potion of mutation]
  1929 | D:1      | Gained mutation: You are somewhat resistant to further mutation. [potion of mutation]
  1931 | D:1      | Slain by a kobold

Skill      XL: |  1  2  3 |
---------------+----------+-----
Earth Magic    | 4 5 |  5.2
Dodging        | |  1.5
Stealth        | |  2.1
Spellcasting   | |  2.0
Transmutations | |  0.7

Action                   || total
-------------------------++-------
Melee: Unarmed           ||   196
 Cast: Sandblast         ||    20
  Use: Potion            ||     1
  Eat: Chunk             ||     4
Armor: Robe              ||    68
Dodge: Dodged            ||   123
